 Dungeon Crawl Stone Soup version 0.29-a0-1047-g7c58e119a4 (webtiles) character file.

Game seed: 17294590737332653385

604 polve the Ruffian (level 7, -1/52 HPs)
             Began as a Demonspawn Abyssal Knight on Aug 16, 2022.
             Was a Priest of Lugonu.
             Slain by an ogre
             ... wielding a +0 giant spiked club
              (23 damage)
             ... on level 6 of the Dungeon.
             The game lasted 00:04:26 (6954 turns).

polve the Ruffian (Demonspawn Abyssal Knight)       Turns: 6954, Time: 00:04:27

Health: -1/52      AC:  7    Str: 16    XL:     7   Next: 18%
Magic:  8/8        EV:  9    Int: 11    God:    Lugonu [***...]
Gold:   369        SH:  9    Dex: 13    Spells: 6/6 levels left

rFire   . . .      SeeInvis .     - Unarmed
rCold   . . .      Faith    .   j - +0 kite shield
rNeg    + . .      Spirit   .   p - +2 leather armour {rN+}
rPois   .          Reflect  .   (no helmet)
rElec   .          Harm     .   (no cloak)
rCorr   .          Rampage  .   (no gloves)
Will    .....                   (no boots)
Stlth   +.........              k - amulet of the acrobat
HPRegen 0.17/turn               (no ring)
MPRegen 0.11/turn               (no ring)

@: no status effects
A: claws 1, thin metallic scales 1, foul stench 1, demonic magic 1
a: Renounce Religion, Depart the Abyss, Bend Space, Banish


You were on level 6 of the Dungeon.
You worshipped Lugonu.
Lugonu was most pleased with you.
You visited 1 branch of the dungeon, and saw 6 of its levels.
You visited the Abyss 1 time.

You collected 369 gold pieces.

Inventory:

Hand Weapons
 a - a +1 hand axe
Armour
 b - a +0 leather armour
 j - a +0 kite shield (worn)
 p - a +2 leather armour of positive energy (worn)
Jewellery
 k - an amulet of the acrobat (around neck)
Wands
 w - a wand of paralysis (8)
 y - a wand of roots (8)
Scrolls
 d - a scroll of noise {unknown}
 f - 5 scrolls of teleportation {unknown}
 g - a scroll of amnesia {unknown}
 i - a scroll of vulnerability {unknown}
 l - 6 scrolls of identify {unknown}
 n - a scroll of enchant weapon {unknown}
 s - 2 scrolls of enchant armour {unknown}
 u - a scroll of torment {unknown}
 v - a scroll of fear {unknown}
Potions
 c - 2 potions of cancellation {unknown}
 h - 3 potions of curing
 r - a potion of lignification {unknown}
 t - a potion of attraction {unknown}
 x - a potion of mutation {unknown}
 z - a potion of might {unknown}


   Skills:
 - Level 3.0 Fighting
 - Level 2.5 Axes
 - Level 1.7 Armour
 - Level 0.8 Dodging
 - Level 4.0 Shields
 + Level 5.2 Unarmed Combat
 - Level 2.4 Invocations


You had 6 spell levels left.
You didn't know any spells.
Your spell library contained the following spells:

 Spells                   Type           Power      Damage    Failure   Level
 Shock                    Conj/Air       0%         1d3       78%         1
 Gell's Gravitas          Tloc           0%         N/A       98%         3
 Lesser Beckoning         Tloc           0%         N/A       98%         3
 Swiftness                Air            0%         N/A       98%         3
 Teleport Other           Tloc           0%         N/A       98%         3
 Airstrike                Air            0%         2d(0-16)  100%        4


Dungeon Overview and Level Annotations

Branches:
Dungeon (6/15)             Temple (0/1) D:5

Altars:

Shops:
D:2 [


Innate Abilities, Weirdness & Mutations

You have sharp fingernails.
You are partially covered in thin metallic scales. (AC +2)
You may rarely emit foul miasma when damaged in melee.
Spells you cast may paralyse adjacent enemies.


Message History

You see here a +0 leather armour.
Found 5 boomerangs.
You see here 5 boomerangs.
You see here 5 boomerangs.
Done exploring.
Done exploring.
Done exploring.
Done exploring.
Done exploring.
(D) Dungeon (T) Temple
Where to? (Enter - D:5, ? - help)
There is a stone staircase leading up here.
There is a stone staircase leading down here.
You climb downwards.
Found 15 gold pieces and a scroll labelled CIBIRA NEOTREI.
There is a stone staircase leading up here.
You now have 364 gold pieces (gained 10).
You now have 369 gold pieces (gained 5).
s - 2 scrolls labelled CIBIRA NEOTREI (gained 1)
c - 2 pink potions (gained 1)
An ogre comes into view. It is wielding a +0 giant spiked club.
The ogre shouts!
An ogre is nearby!
An ogre is nearby!
An ogre is nearby!
You barely miss the ogre. You block the ogre's attack.
You scratch the ogre.
The ogre is lightly wounded.
You barely miss the ogre.
The ogre is lightly wounded.
The ogre hits you with a +0 giant spiked club!
You scratch the ogre.
The ogre is lightly wounded.
The ogre hits you with a +0 giant spiked club!
You claw the ogre!
The ogre is heavily wounded.
You claw the ogre!
The ogre is almost dead.
The ogre hits you with a +0 giant spiked club!!
You die...

##..........#
.####..........##
................#
####...........#
#...........#
#<..........#
#...........#
#.#........##
#@##......##
#..O.#########
#..#### .... ...
.. .


You could see an ogre.

Vanquished Creatures
  A hornet (D:5)
  A scorpion (D:5)
  2 hounds (D:4)
  A jelly (D:4)
  3 orc wizards (D:5)
  4 gnolls (D:3)
  8 adders
  A white imp (D:5)
  A worm (D:3)
  11 orcs
  4 bats
  8 endoplasms
  A giant cockroach (D:1)
  9 goblins
  6 hobgoblins
  4 jackals (D:4)
  6 kobolds
  2 quokkas
  5 ball pythons
  5 frilled lizards
  2 rats
85 creatures vanquished.

Vanquished Creatures (others)
  4 toadstools (D:3)
4 creatures vanquished.

Grand Total: 89 creatures vanquished

Notes
Turn   | Place    | Note
-------+----------+-------------------------------------------
     0 | Abyss:1  | polve the Demonspawn Abyssal Knight began the quest for the
                  | Orb.
     0 | Abyss:1  | Reached XP level 1. HP: 18/18 MP: 2/2
     0 | D:1      | Escaped the Abyss
   659 | D:1      | Gained mutation: You have sharp fingernails. [demonic
                  | ancestry]
   659 | D:1      | Reached XP level 2. HP: 24/24 MP: 3/3
   730 | D:1      | Found a faded altar of an unknown god.
   774 | D:1      | Reached skill level 1 in Unarmed Combat
  1484 | D:2      | Found Amiufouk's Antique Armour Emporium.
  1541 | D:2      | Gained mutation: You may rarely emit foul miasma when
                  | damaged in melee. [demonic ancestry]
  1541 | D:2      | Reached XP level 3. HP: 27/29 MP: 4/4
  1611 | D:2      | Reached skill level 2 in Unarmed Combat
  2258 | D:2      | Gained mutation: You are partially covered in thin metallic
                  | scales. (AC +2) [demonic ancestry]
  2258 | D:2      | Reached XP level 4. HP: 31/35 MP: 5/5
  2319 | D:2      | Reached skill level 3 in Unarmed Combat
  3056 | D:3      | Found the amulet of Elemental Vulnerability {rPois rF--
                  | rC-- AC+8}
  3286 | D:3      | Reached skill level 1 in Shields
  3301 | D:3      | Gained mutation: Spells you cast may paralyse adjacent
                  | enemies. [demonic ancestry]
  3301 | D:3      | Reached XP level 5. HP: 36/41 MP: 6/6
  4170 | D:4      | Reached *** piety under Lugonu
  4740 | D:4      | Reached skill level 4 in Unarmed Combat
  5005 | D:4      | Reached XP level 6. HP: 27/47 MP: 7/7
  5290 | D:5      | Entered Level 5 of the Dungeon
  5667 | D:5      | Found a staircase to the Ecumenical Temple.
  6480 | D:5      | Noticed a hornet
  6535 | D:5      | Killed a hornet
  6536 | D:5      | Reached skill level 5 in Unarmed Combat
  6536 | D:5      | Reached XP level 7. HP: 36/52 MP: 8/8
  6954 | D:6      | Slain by an ogre

Illustrated notes

Levels and vault maps discovered:
D:1:      kennysheep_arrival_forest, layout_loops_ring,
          shapermc_ecumenical_altar_flowoftime, minmay_ruptured
D:2:      layout_loops_ring, serial_shops, shop
D:3:      layout_basic, palyth_stone_intersect, minmay_gold_behind_fungi
D:4:      layout_gridville
D:5:      layout_basic, minmay_temple_entry_ruins, serial_co_window_serial,
          co_window_paths_b, co_window_paths_a, co_window_of_opportunity_a,
          co_window_paths_a, co_window_corner_a, co_window_corner_ca,
          co_window_broadway_b, co_window_corner_b, co_window_broadway_c,
          co_window_broadway_b, co_window_sun, glass_columns_a
D:6:      layout_rooms, mainiacjoe_overflow_small_starburst

Skill      XL: |  1  2  3  4  5  6 |
---------------+-------------------+-----
Axes           | 2 |  2.5
Unarmed Combat | 1 2 3 4 5 |  5.2
Shields        | 1 2 4 |  4.0
Fighting       | |  3.0
Armour         | |  1.7
Dodging        | |  0.8
Invocations    | |  2.4

Action                   |  1- 3 |  4- 6 |  7- 9 || total
-------------------------+-------+-------+-------++-------
Melee: Hand axe          |    77 |       |       ||    77
       Unarmed           |     8 |   224 |     6 ||   238
Invok: Depart the Abyss  |     1 |       |       ||     1
  Use: Potion            |       |     4 |       ||     4
Armor: Leather armour    |    32 |    80 |       ||   112
Dodge: Dodged            |    66 |    96 |       ||   162
Block: Kite shield       |     3 |    74 |     1 ||    78

Table legend: (Time is in decaauts)
 A = Elapsed time spent in this place.
 B = Non-inter-level travel time spent in this place.
 C = Inter-level travel time spent in this place.
 D = Time resting spent in this place.
 E = Time spent auto-exploring this place.
 F = Levels seen in this place.
 G = Mean time per level.
                   A        B        C        D        E       F      G
               +--------+--------+--------+--------+--------+-----+--------+
         Total |   7005 |   6857 |    148 |     28 |   6090 |   7 | 1000.7 |
       Dungeon |   7005 |   6857 |    148 |     28 |   6090 |   6 | 1167.5 |
         Abyss |      0 |      0 |      0 |      0 |      0 |   1 |    0.0 |
               +--------+--------+--------+--------+--------+-----+--------+

Top non-repeatable levels by time:
     D:5: 1643 daAuts
     D:1: 1493 daAuts
     D:2: 1350 daAuts
     D:4: 1291 daAuts
     D:3: 1192 daAuts
     D:6: 35 daAuts
